 Dungeon Crawl Stone Soup version 0.21.1-1-g345015f (webtiles) character file.

102 sendhelp the Vandal (level 4, -1/40 HPs)
             Began as a Draconian Hunter on Apr 23, 2018.
             Was an Initiate of Makhleb.
             Slain by inc's ghost (6 damage)
             ... on level 6 of the Dungeon.
             The game lasted 00:06:03 (2793 turns).

sendhelp the Vandal (Draconian Hunter)              Turns: 2793, Time: 00:06:05

Health: -1/40      AC:  6    Str: 14    XL:     4   Next: 50%
Magic:  0/4        EV: 12    Int: 11    God:    Makhleb [......]
Gold:   19         SH:  0    Dex: 13    Spells: 3/3 levels left

rFire    . . .     SeeInvis .   k - -3 hunting sling (curse)
rCold    + . .     Gourm    .   (no shield)
rNeg     . . .     Faith    .   (armour unavailable)
rPois    .         Spirit   +   (helmet restricted)
rElec    .         Reflect  .   (no cloak)
rCorr    .         Harm     .   (no gloves)
MR       .....                  (no boots)
Stlth    +.........             f - amulet of guardian spirit
HPRegen  0.13/turn              l - ring of protection from cold
MPRegen  0.09/turn              m - +1 ring of protection

@: confused
A: unfitting armour, horns 1, robust 1, cold-blooded, AC +5
a: Renounce Religion


You were on level 6 of the Dungeon.
You worshipped Makhleb.
Makhleb was noncommittal.
You were near starving.

You visited 1 branch of the dungeon, and saw 4 of its levels.

You collected 19 gold pieces.

Inventory:

Hand Weapons
 a - a +1 hunting sling
 b - a +0 short sword
 g - a +0 spear
 k - a cursed -3 hunting sling (weapon)
 w - a +0 hunting sling
Missiles
 c - 47 sling bullets (quivered)
 h - 46 stones
Jewellery
 f - an amulet of guardian spirit (around neck)
 j - an uncursed ring of teleportation
 l - a ring of protection from cold (left hand)
 m - a +1 ring of protection (right hand)
Scrolls
 n - a scroll of fear
 p - a scroll of amnesia
 u - a scroll of enchant armour {unknown}
 v - a scroll of identify
Potions
 e - a potion of curing {unknown}
 i - a potion of berserk rage {unknown}
 o - 3 potions of invisibility {unknown}
 q - a potion of might {unknown}
 r - a potion of ambrosia {unknown}
 s - 2 potions of flight {unknown}
 t - a potion of agility {unknown}
Comestibles
 d - 6 rations


   Skills:
 + Level 2.9 Fighting
 + Level 1.2 Polearms
 + Level 4.3 Slings
 + Level 2.3 Dodging
 + Level 1.8 Stealth


You had 3 spell levels left.
You didn't know any spells.

Dungeon Overview and Level Annotations

Branches:
Dungeon (3/15)

Altars:
Makhleb

Annotations:
D:6 inc's ghost, novice OpEn


Innate Abilities, Weirdness & Mutations

Your plain brown scales are hard. (AC +5)
You cannot fit into any form of body armour.
You are cold-blooded and may be slowed by cold attacks.
You have a pair of small horns on your head.
You are robust. (+10% HP)


Message History

f - an amulet of guardian spirit (around neck) You're too confused!
You don't know any spells.
Inc's ghost hits you.
Inc's ghost stares at you and mumbles some strange words.
You are more confused.
You're too confused!
You are near starving!
Inc's ghost hits you.
* * * LOW HITPOINT WARNING * * *
You're too confused to move!
Inc's ghost hits you.
* * * LOW HITPOINT WARNING * * *
You're too confused!
A jackal skeleton comes into view.
You clumsily bash inc's ghost but do no damage.
You headbutt inc's ghost, but do no damage.
Your tail-slap misses inc's ghost.
Inc's ghost hits you.
* * * LOW HITPOINT WARNING * * *
Inc's ghost hits you.
You die...

..........#
..........#
..........#
..........#########
................!.#
########((........#
########...# #.W.#
#.@.# #..[......
##........
8...##>#. .Z.... ..
...#.#. . ...##.#..
... ## ..


You could see inc's ghost and a jackal skeleton.

Vanquished Creatures
  A hound (D:2)
  2 adders (D:2)
  An ooze (D:2)
  3 leopard geckos
  4 giant cockroaches
  7 hobgoblins
  5 kobolds
  3 ball pythons
  3 bats (D:1)
  2 frilled lizards (D:1)
  4 goblins
  11 rats (D:1)
46 creatures vanquished.

Notes
Turn   | Place    | Note
-------+----------+-------------------------------------------
     0 | D:1      | sendhelp the Draconian Hunter began the quest for the Orb.
     0 | D:1      | Reached XP level 1. HP: 17/17 MP: 1/1
   128 | D:1      | Reached skill level 4 in Slings
   153 | D:1      | Reached XP level 2. HP: 16/24 MP: 2/2
   294 | D:1      | Reached skill level 1 in Stealth
   783 | D:1      | Gained mutation: You are resistant to hostile enchantments. (MR+) [potion of mutation]
   783 | D:1      | Gained mutation: Your tail ends in a poisonous barb. [potion of mutation]
   787 | D:1      | Lost mutation: You are resistant to hostile enchantments. (MR+) [potion of mutation]
   787 | D:1      | Lost mutation: Your tail ends in a poisonous barb. [potion of mutation]
   787 | D:1      | Gained mutation: You are robust. (+10% HP) [potion of mutation]
   787 | D:1      | Gained mutation: You have a pair of small horns on your head. [potion of mutation]
   972 | D:1      | Reached XP level 3. HP: 33/33 MP: 3/3
  2097 | D:2      | Reached skill level 1 in Polearms
  2097 | D:2      | Reached XP level 4. HP: 33/40 MP: 4/4
  2115 | D:2      | Found a burning altar of Makhleb.
  2129 | D:2      | Became a worshipper of Makhleb the Destroyer
  2747 | D:3      | You fall through a shaft for 3 floors!
  2747 | D:6      | Noticed inc's ghost (novice OpEn)
  2793 | D:6      | Slain by inc's ghost

Skill      XL: |  1  2  3 |
---------------+----------+-----
Slings         | 4 |  4.3
Stealth        | 1 |  1.8
Dodging        | 2 |  2.3
Polearms       | 1 |  1.2
Fighting       | |  2.9

Action                   |  1- 3 |  4- 6 || total
-------------------------+-------+-------++-------
Melee: Hunting sling     |       |     2 ||     2
       Headbutt          |       |     1 ||     1
 Fire: Hunting sling     |   156 |    33 ||   189
  Use: Scroll            |     5 |     1 ||     6
       Potion            |     2 |       ||     2
  Eat: Chunk             |     3 |     1 ||     4
Armor: Skin              |    27 |     8 ||    35
Dodge: Dodged            |    68 |    11 ||    79
